Workbook
Name \a: [1]Insumos!#REF!
Name \a: [1]Insumos!#REF!
Name \a: [1]Insumos!#REF!
Name \b: [2]INSUMOS!#REF!
Name \b: [2]INSUMOS!#REF!
Name \b: [2]INSUMOS!#REF!
Name \i: [2]INSUMOS!#REF!
Name \i: [2]INSUMOS!#REF!
Name \i: [2]INSUMOS!#REF!
Name \m: [2]INSUMOS!#REF!
Name \m: [2]INSUMOS!#REF!
Name \m: [2]INSUMOS!#REF!
Name \r: [2]INSUMOS!#REF!
Name \r: [2]INSUMOS!#REF!
Name \r: [2]INSUMOS!#REF!
Name \t: [2]INSUMOS!#REF!
Name \t: [2]INSUMOS!#REF!
Name \t: [2]INSUMOS!#REF!
Name \x: [2]INSUMOS!#REF!
Name \x: [2]INSUMOS!#REF!
Name \x: [2]INSUMOS!#REF!
Name _________________________________apu1: [2]INSUMOS!#REF!
Name _________________________________apu1: [2]INSUMOS!#REF!
Name _________________________________apu1: [2]INSUMOS!#REF!
Name ________________________________apu1: [2]INSUMOS!#REF!
Name ________________________________apu1: [2]INSUMOS!#REF!
Name ________________________________apu1: [2]INSUMOS!#REF!
Name _______________________________apu1: [2]INSUMOS!#REF!
Name _______________________________apu1: [2]INSUMOS!#REF!
Name _______________________________apu1: [2]INSUMOS!#REF!
Name ______________________________apu1: [2]INSUMOS!#REF!
Name ______________________________apu1: [2]INSUMOS!#REF!
Name ______________________________apu1: [2]INSUMOS!#REF!
Name ____________________________apu1: [2]INSUMOS!#REF!
Name ____________________________apu1: [2]INSUMOS!#REF!
Name ____________________________apu1: [2]INSUMOS!#REF!
Name ___________________________apu1: [2]INSUMOS!#REF!
Name ___________________________apu1: [2]INSUMOS!#REF!
Name ___________________________apu1: [2]INSUMOS!#REF!
Name __________________________apu1: [2]INSUMOS!#REF!
Name __________________________apu1: [2]INSUMOS!#REF!
Name __________________________apu1: [2]INSUMOS!#REF!
Name _________________________apu1: [2]INSUMOS!#REF!
Name _________________________apu1: [2]INSUMOS!#REF!
Name _________________________apu1: [2]INSUMOS!#REF!
Name ________________________apu1: [2]INSUMOS!#REF!
Name ________________________apu1: [2]INSUMOS!#REF!
Name ________________________apu1: [2]INSUMOS!#REF!
Name _______________________apu1: [2]INSUMOS!#REF!
Name _______________________apu1: [2]INSUMOS!#REF!
Name _______________________apu1: [2]INSUMOS!#REF!
Name _____________________apu1: [2]INSUMOS!#REF!
Name _____________________apu1: [2]INSUMOS!#REF!
Name _____________________apu1: [2]INSUMOS!#REF!
Name ____________________apu1: [2]INSUMOS!#REF!
Name ____________________apu1: [2]INSUMOS!#REF!
Name ____________________apu1: [2]INSUMOS!#REF!
Name ___________________apu1: [2]INSUMOS!#REF!
Name ___________________apu1: [2]INSUMOS!#REF!
Name ___________________apu1: [2]INSUMOS!#REF!

Sheet BASICO
A1: REPUBLICA DE COLOMBIA
A2: DEPARTAMENTO DEL PUTUMAYO
A3: MUNICIPIO DE SAN MIGUEL
A5: APU-BASICO
A7: =+Presupuesto!#REF! -> #REF!
A9: ACTIVIDAD:
B10: Concreto MR 21 Mpa | G10: Unidad: | H10: m3
A12: I | B12: EQUIPO
B13: DESCRIPCIÓN | D13: Tipo | E13: Tarifa/Día | F13: Rend | G13: V. Unitario.
B14: Herremienta menor | F14: 0.1 | G14: =H34*F14 -> 5130.9
E20: SUBTOTAL. | H20: =ROUND(SUM(G14:G19),0) -> 5131
A21: II | B21: MATERIALES EN OBRA.
B22: DESCRIPCIÓN | D22: Unidad | E22: Cant. | F22: Precio Unit. | G22: V. Unitario.
B23: Cemento gris | D23: kg | E23: 420 | F23: 650 | G23: =+F23*E23 -> 273000
B24: Arena | D24: m3 | E24: 0.67 | F24: 60000 | G24: =+F24*E24 -> 40200
B25: Triturado | D25: m3 | E25: 0.67 | F25: 70000 | G25: =--E25*F25 -> 46900
B26: Agua | D26: lt | E26: 210 | F26: 50 | G26: =--E26*F26 -> 10500
E28: SUBTOTAL | H28: =(SUM(G23:G26)) -> 370600
A29: III | B29: MANO DE OBRA.
A30: CAN | B30: DESCRIPCIÓN | C30: Jornal | D30: Prestac | E30: Jornal Total | F30: Rend. | G30: V. Unitario.
A31: 6 | B31: Ayudante | C31: 30000 | D31: 0.75 | E31: =+(A31*C31)+(A31*C31*D31) -> 315000 | F31: 7.5035876 | G31: =(E31)/(F31) -> 41979.919
A32: 1 | B32: Oficial | C32: 40000 | D32: 0.75 | E32: =(A32*C32)+(D32*C32*A32) -> 70000 | F32: =--F31 -> 7.5035876 | G32: =E32/F32 -> 9328.871
E34: SUBTOTAL | H34: =ROUND(SUM(G31)+(G32),0) -> 51309
A35: IV | B35: TRANSPORTE
B36: DESCRIPCIÓN | C36: Unidad | D36: Cantidad | E36: Prec.Unitario | G36: Vr. Unitario
E40: SUBTOTAL | H40: =ROUND(SUM(G37)+(G38),0) -> 0
D42: TOTAL COSTOS DIRECTOS. | H42: =SUM(H20:H41) -> 427040
A44: V | B44: COSTOS INDIRECTOS.
B45: DESCRIPCIÓN | C45: % | D45: COSTO DIRECTO | F45: V. UNITARIO
B46: ADMINISTRACIÓN | C46: 0.23 | G46: =+H42*C46 -> 98219.2
B47: IMPREVISTOS | C47: 0.04 | G47: =+H42*C47 -> 17081.6
B48: UTILIDAD | C48: 0.03 | G48: =+H42*C48 -> 12811.2
D49: TOTAL COSTOS INDIRECTOS | H49: =SUM(G45:G48) -> 128112
D51: TOTAL PRECIO UNITARIO. | H51: =H42+H49 -> 555152
A56: =+Presupuesto!#REF! -> #REF! | D56: =+Presupuesto!A34 -> ARQ. GUILLERMO YAMID VALLEJOS BENAVIDES
A57: =+Presupuesto!#REF! -> #REF! | D57: =+Presupuesto!A35 -> SECRETARIO DE PLANEACION Y OBRAS PUBLICAS
A58: =APU!#REF! -> #REF! | D58: =+Presupuesto!A36 -> SAN MIGUEL - PUTUMAYO

Sheet MEMORIA DE CANTIDADES DE OBRA 
B1: SECRETARIA DE PLANEACIÓN Y OBRAS PÚBLICAS | C1: CODIGO | E1: 103
C2: SERIE Y SUBSERIE | E2: 51
B3: NIT. 800252922-2
B4: Modelo Integrado de Planeación y Gestión | C4: VERSIÓN | E4: 1
B5: PRESUPUESTO | C5: FECHA DEL FORMATO | E5: D/M/A
E6: 44216
A8: =Presupuesto!A8 -> ADECUACION DE LA INFRAESTRUCTURA DE LA PLANTA DE BENEFICIO ANIMAL MEDIANTE EL MEJORAMIENTO DE CUBIERTA EN EL MUNICIPIO DE SAN MIGUEL PUTUMAYO
A11: MEMORIA DE CANTIDADES
A13: =Presupuesto!B14 -> PRELIMINARES
A15: ITEM: 1,1
A16: =Presupuesto!B15 -> DESMONTE DE CUBIERTA EXISTENTE | I16: =Presupuesto!D15 -> M2
A17: Observación | B17: Direccion | C17: Cant | D17: Largo | E17: Ancho | F17: Alto | G17: Área | H17: Volumen | I17: Total
B18: Costado norte | C18: 1 | D18: 20.43 | E18: 5.77 | G18: =C18*D18*E18 -> 117.8811 | I18: =G18 -> 117.8811
B19: Costado sur | C19: 1 | D19: 20.43 | E19: 7.31 | G19: =+C19*D19*E19 -> 149.3433 | I19: =G19 -> 149.3433
A21: total | I21: =ROUND((SUM(I18:I20)),2) -> 267.22
A23: ITEM: 1,2
A24: =+Presupuesto!B16 -> RETIRO Y DISPOSICION DE MATERIAL SOBRANTE | I24: =+Presupuesto!D16 -> M2
A25: Observación | B25: Direccion | C25: Cant | D25: Largo | E25: Ancho | F25: Alto | G25: Área | H25: Volumen | I25: Total
B26: Costado norte | C26: 1 | D26: =D18 -> 20.43 | E26: 5.77 | G26: =C27*D26*E26 -> 117.8811 | I26: =G26 -> 117.8811
B27: Costado sur | C27: 1 | D27: 20.43 | E27: 7.31 | G27: =+C27*D27*E27 -> 149.3433 | I27: =+G27 -> 149.3433
A29: total | I29: =ROUND((SUM(I26:I28)),2) -> 267.22
A31: =Presupuesto!B18 -> ESTRUCTURA METALICA Y CUBIERTA
A33: ITEM: 2,1
A34: =Presupuesto!B19 -> SUMINISTRO, PINTURA E INSTALACION DE CORREAS | I34: =Presupuesto!D19 -> ML
A35: Observación | B35: Direccion | C35: Cant | D35: Largo | E35: Ancho | F35: Alto | G35: Área | H35: Volumen | I35: Total
B36: Correas | C36: 10 | D36: =D27 -> 20.43 | I36: =C36*D36 -> 204.3
A38: total | I38: =ROUND((SUM(I36:I37)),2) -> 204.3
A40: ITEM: 2,2
A41: =Presupuesto!B20 -> SUMINISTRO E INSTALACION DE TEJA TRAPEZOIDAL CAL.28 | I41: =Presupuesto!D20 -> M2
A42: Observación | B42: Direccion | C42: Cant | D42: Largo | E42: Ancho | F42: Alto | G42: Área | H42: Volumen | I42: Total
B43: Costado norte | C43: 1 | D43: 20.43 | E43: 5.77 | G43: =+C43*D43*E43 -> 117.8811 | I43: =+G43 -> 117.8811
B44: Costado sur | C44: 1 | D44: 20.43 | E44: 7.31 | G44: =+C44*D44*E44 -> 149.3433 | I44: =+G44 -> 149.3433
B45: Corrales | C45: 1 | D45: 9.8 | E45: 8.9 | G45: =+C45*D45*E45 -> 87.22 | I45: =G45 -> 87.22
I46: =G46 -> 0
A47: total | I47: =ROUND((SUM(I43:I46)),2) -> 354.44
A49: ITEM: 2,3
A50: =+Presupuesto!B21 -> CABALLETE EN LÁMINA GALVANIZADA CAL.28 | I50: =Presupuesto!D21 -> ML
A51: Observación | B51: Direccion | C51: Cant | D51: Largo | E51: Ancho | F51: Alto | G51: Área | H51: Volumen | I51: Total
B52: Caballete | C52: 7 | D52: 3 | I52: =C52*D52 -> 21
A54: total | I54: =ROUND((SUM(I52:I53)),2) -> 21
B59: ARQ. GUILLERMO YAMID VALLEJOS BENAVIDES
B60: SECRETARIO DE PLANEACION Y OBRAS PUBLICAS
B61: SAN MIGUEL - PUTUMAYO

Sheet APU
C1: SECRETARIA DE PLANEACIÓN Y OBRAS PÚBLICAS | D1: CODIGO | F1: 103
D2: SERIE Y SUBSERIE | F2: 51
C3: NIT. 800252922-2
C4: Modelo Integrado de Planeación y Gestión | D4: VERSIÓN | F4: 1
C5: PRESUPUESTO | D5: FECHA DEL FORMATO | F5: D/M/A
F6: 44216
A8: =Presupuesto!A8 -> ADECUACION DE LA INFRAESTRUCTURA DE LA PLANTA DE BENEFICIO ANIMAL MEDIANTE EL MEJORAMIENTO DE CUBIERTA EN EL MUNICIPIO DE SAN MIGUEL PUTUMAYO
A11: ANALISIS DE PRECIOS UNITARIOS
A13: =Presupuesto!A15 -> 1.1 | B13: =Presupuesto!B15 -> DESMONTE DE CUBIERTA EXISTENTE | G13: Unidad: | H13: =Presupuesto!D15 -> M2
A15: I | B15: EQUIPO
B16: DESCRIPCIÓN | D16: Tipo | E16: Tarifa/Día | F16: Rend | G16: V. Unitario.
B17: Herremienta menor | F17: 0.1 | G17: =ROUND((H34*F17),2) -> 300
B18: andamio | D18: día | E18: 5000 | F18: 3 | G18: =ROUND((E18*F18),2) -> 15000
E20: SUBTOTAL. | H20: =SUM(G17:G19) -> 15300
A21: II | B21: MATERIALES EN OBRA.
B22: DESCRIPCIÓN | D22: Unidad | E22: Cant. | F22: Precio Unit. | G22: V. Unitario.
G23: =ROUND((E23*F23),2) -> 0
G24: =ROUND((E24*F24),2) -> 0
E28: SUBTOTAL | H28: =(SUM(G23:G26)) -> 0
A29: III | B29: MANO DE OBRA.
A30: CAN | B30: DESCRIPCIÓN | C30: Jornal | D30: Prestac | E30: Jornal Total | F30: Rend | G30: V. Unitario.
A31: 2 | B31: OBREROS | C31: 60000 | D31: 0.75 | E31: =+(A31*C31)+(A31*C31*D31) -> 210000 | F31: 70 | G31: =ROUND(((E31)/(F31)),2) -> 3000
E34: SUBTOTAL | H34: =SUM(G31)+(G32) -> 3000
A35: IV | B35: TRANSPORTE
B36: DESCRIPCIÓN | C36: Unidad | D36: Cantidad | E36: Prec.Unitario | G36: Vr. Unitario
E40: SUBTOTAL | H40: =ROUND(SUM(G37)+(G38),0) -> 0
D42: TOTAL COSTOS DIRECTOS. | H42: =ROUND((SUM(H20:H41)),2) -> 18300
A44: V | B44: COSTOS INDIRECTOS.
B45: DESCRIPCIÓN | C45: % | D45: COSTO DIRECTO | F45: V. UNITARIO
B46: ADMINISTRACIÓN | C46: 0.27 | G46: =ROUND((H42*C46),2) -> 4941
B47: IMPREVISTOS | C47: 0.02 | G47: =ROUND((H42*C47),2) -> 366
B48: UTILIDAD | C48: 0.03 | G48: =ROUND((H42*C48),2) -> 549
D49: TOTAL COSTOS INDIRECTOS | H49: =SUM(G45:G48) -> 5856
D51: TOTAL PRECIO UNITARIO. | H51: =H42+H49 -> 24156
A55: ING ELEAZAR MASAH MORA ALDANA | E55: =Presupuesto!A34 -> ARQ. GUILLERMO YAMID VALLEJOS BENAVIDES
A56: APOYO PROFESIONAL SPOPM | E56: =Presupuesto!A35 -> SECRETARIO DE PLANEACION Y OBRAS PUBLICAS
A57: SAN MIGUEL - PUTUMAYO | E57: =Presupuesto!A36 -> SAN MIGUEL - PUTUMAYO
C58: SECRETARIA DE PLANEACIÓN Y OBRAS PÚBLICAS | D58: CODIGO | F58: 103
D59: SERIE Y SUBSERIE | F59: 51
C60: NIT. 800252922-2
C61: Modelo Integrado de Planeación y Gestión | D61: VERSIÓN | F61: 1
C62: PRESUPUESTO | D62: FECHA DEL FORMATO | F62: D/M/A
F63: 44216
A65: =+Presupuesto!A8 -> ADECUACION DE LA INFRAESTRUCTURA DE LA PLANTA DE BENEFICIO ANIMAL MEDIANTE EL MEJORAMIENTO DE CUBIERTA EN EL MUNICIPIO DE SAN MIGUEL PUTUMAYO
A68: ANALISIS DE PRECIOS UNITARIOS
A70: =+Presupuesto!A16 -> 1.2 | B70: =+Presupuesto!B16 -> RETIRO Y DISPOSICION DE MATERIAL SOBRANTE | G70: Unidad: | H70: =+Presupuesto!D16 -> M2
A72: I | B72: EQUIPO
B73: DESCRIPCIÓN | D73: Tipo | E73: Tarifa/Día | F73: Rend | G73: V. Unitario.
B74: Herremienta menor | F74: 0.1 | G74: =ROUND((H91*F74),2) -> 525
E77: SUBTOTAL. | H77: =SUM(G74:G76) -> 525
A78: II | B78: MATERIALES EN OBRA.
B79: DESCRIPCIÓN | D79: Unidad | E79: Cant. | F79: Precio Unit. | G79: V. Unitario.
E85: SUBTOTAL | H85: =(SUM(G80:G84)) -> 0
A86: III | B86: MANO DE OBRA.
A87: CAN | B87: DESCRIPCIÓN | C87: Jornal | D87: Prestac | E87: Jornal Total | F87: Rend | G87: V. Unitario.
A88: 2 | B88: OBREROS | C88: 60000 | D88: 0.75 | E88: =+(A88*C88)+(A88*C88*D88) -> 210000 | F88: 40 | G88: =ROUND(((E88)/(F88)),2) -> 5250
E91: SUBTOTAL | H91: =SUM(G88)+(G89) -> 5250
A92: IV | B92: TRANSPORTE
B93: DESCRIPCIÓN | C93: Unidad | D93: Cantidad | E93: Prec.Unitario | G93: Vr. Unitario
E97: SUBTOTAL | H97: =ROUND(SUM(G94)+(G95),0) -> 0
D99: TOTAL COSTOS DIRECTOS. | H99: =ROUND((SUM(H77:H98)),2) -> 5775
A101: V | B101: COSTOS INDIRECTOS.
B102: DESCRIPCIÓN | C102: % | D102: COSTO DIRECTO | F102: V. UNITARIO
B103: ADMINISTRACIÓN | C103: 0.27 | G103: =ROUND((H99*C103),2) -> 1559.25
B104: IMPREVISTOS | C104: 0.02 | G104: =ROUND((H99*C104),2) -> 115.5
B105: UTILIDAD | C105: 0.03 | G105: =ROUND((H99*C105),2) -> 173.25
D106: TOTAL COSTOS INDIRECTOS | H106: =SUM(G102:G105) -> 1848
D108: TOTAL PRECIO UNITARIO. | H108: =H99+H106 -> 7623
A111: =A55 -> ING ELEAZAR MASAH MORA ALDANA | E111: =Presupuesto!A34 -> ARQ. GUILLERMO YAMID VALLEJOS BENAVIDES
A112: =A56 -> APOYO PROFESIONAL SPOPM | E112: =Presupuesto!A35 -> SECRETARIO DE PLANEACION Y OBRAS PUBLICAS
A113: =A57 -> SAN MIGUEL - PUTUMAYO | E113: =Presupuesto!A36 -> SAN MIGUEL - PUTUMAYO
C114: SECRETARIA DE PLANEACIÓN Y OBRAS PÚBLICAS | D114: CODIGO | F114: 103
D115: SERIE Y SUBSERIE | F115: 51
C116: NIT. 800252922-2
C117: Modelo Integrado de Planeación y Gestión | D117: VERSIÓN | F117: 1
C118: PRESUPUESTO | D118: FECHA DEL FORMATO | F118: D/M/A
F119: 44216
A121: =+Presupuesto!A8 -> ADECUACION DE LA INFRAESTRUCTURA DE LA PLANTA DE BENEFICIO ANIMAL MEDIANTE EL MEJORAMIENTO DE CUBIERTA EN EL MUNICIPIO DE SAN MIGUEL PUTUMAYO
A124: ANALISIS DE PRECIOS UNITARIOS
A126: =Presupuesto!A19 -> 2.1 | B126: =Presupuesto!B19 -> SUMINISTRO, PINTURA E INSTALACION DE CORREAS | G126: Unidad: | H126: =Presupuesto!D19 -> ML
A128: I | B128: EQUIPO
B129: DESCRIPCIÓN | D129: Tipo | E129: Tarifa/Día | F129: Rend | G129: V. Unitario.
B130: Herramienta menor | F130: 0.1 | G130: =H147*F130 -> 5129.3103
B131: Andamio multidireccional de carga certificado T-4m | D131: día | E131: 5000 | F131: 0.15 | G131: =E131*F131 -> 750
E132: SUBTOTAL. | H132: =SUM(G130:G131) -> 5879.3103
A133: II | B133: MATERIALES EN OBRA.
B134: DESCRIPCIÓN | D134: Unidad | E134: Cant. | F134: Precio Unit. | G134: V. Unitario.
B135: pintura esmalte con anticorrosivo 2 en 1 | D135: gl | E135: 0.02 | F135: 85000 | G135: =E135*F135 -> 1700
B136: thinner | D136: gl | E136: 0.005 | F136: 30000 | G136: =E136*F136 -> 150
B137: perfil en G 80*40 1,5mm | D137: ml | E137: 1 | F137: 12000 | G137: =E137*F137 -> 12000
B138: Nylon | D138: carrete | E138: 0.01 | F138: 9000 | G138: =ROUND((E138*F138),0) -> 90
B139: Puntillas | D139: lb | E139: 0.01 | F139: 5500 | G139: =ROUND((E139*F139),2) -> 55
E141: SUBTOTAL | H141: =(SUM(G135:G140)) -> 13995
A142: III | B142: MANO DE OBRA.
A143: CAN | B143: DESCRIPCIÓN | C143: Jornal | D143: Prestac | E143: Jornal Total | F143: Rend | G143: V. Unitario.
A144: 1 | B144: OBREROS | C144: 60000 | D144: 0.75 | E144: =+(A144*C144)+(A144*C144*D144) -> 105000 | F144: 5.8 | G144: =(E144)/(F144) -> 18103.448
A145: 1 | B145: OFICIAL | C145: 110000 | D145: 0.75 | E145: =+(A145*C145)+(A145*C145*D145) -> 192500 | F145: 5.8 | G145: =(E145)/(F145) -> 33189.655 | L145: =60000/8 -> 7500
E147: SUBTOTAL | H147: =SUM(G144)+(G145) -> 51293.103
A148: IV | B148: TRANSPORTE
B149: DESCRIPCIÓN | C149: Unidad | D149: Cantidad | E149: Prec.Unitario | G149: Vr. Unitario
...

Sheet CRONOGRAMA
A2: CRONOGRAMA DE ACTIVIDADES | G2: SEMANA 1 | H2: SEMANA 2
A3: REHABILITACIÓN DEL SISTEMA DE ALCANTARILLADO SANITARIO Y PLUVIAL - CALLE 5, CARRERA 3, CALLE 4, CALLE 3, CARRERA 2, CARRERA 5 , CARRERA 1ª CARRERA 6- EN EL CORREGIMIENTO DE PUERTO COLÓN MUNICIPIO DE SAN MIGUEL DEPARTAMENTO DEL PUTUMAYO
A5: ITEM | B5: DESCRIPCION | C5: UNIDAD | D5: CANTIDAD | E5: VR/UNITARIO | F5: VR/TOTAL
A6: 1 | B6: PRELIMINARES
A7: 1.1 | B7: Localizacion y replanteo | C7: m2 | D7: =+Presupuesto!#REF! -> #REF! | E7: =+Presupuesto!#REF! -> #REF! | F7: =ROUND((D7*E7),0) -> #REF! | G7: =+F7 -> #REF!
B8: SUBTOTAL | F8: =+F7 -> #REF!
A9: 2 | B9: ESTRUCTURA SANITARIA Y DE PAVIMENTO | J9: 2.55
A10: 2.1 | B10: Excavacion manual | C10: m3 | D10: =+Presupuesto!#REF! -> #REF! | E10: =+Presupuesto!#REF! -> #REF! | F10: =ROUND((D10*E10),0) -> #REF! | G10: =+F10 -> #REF! | J10: 5
A11: 2.2 | B11: Retiro tuberia existente en mal estado | C11: ml | D11: =+Presupuesto!#REF! -> #REF! | E11: =+Presupuesto!#REF! -> #REF! | F11: =ROUND((D11*E11),0) -> #REF! | G11: =+F11 -> #REF! | J11: 2.4
A12: 2.3 | B12: Retiro de material de excavacion y demolicion | C12: m3 | D12: =+Presupuesto!#REF! -> #REF! | E12: =+Presupuesto!#REF! -> #REF! | F12: =ROUND((D12*E12),0) -> #REF! | G12: =+F12 -> #REF! | J12: 1.8
A13: 2.4 | B13: Relleno con material grudo de rio | C13: m3 | D13: =+Presupuesto!#REF! -> #REF! | E13: =+Presupuesto!#REF! -> #REF! | F13: =ROUND((D13*E13),0) -> #REF! | G13: =+F13 -> #REF! | J13: 3.4
A14: 2.5 | B14: Instalacion de tuberia 8" (incluye encamado en arena) | C14: ml | D14: =+Presupuesto!#REF! -> #REF! | E14: =+Presupuesto!#REF! -> #REF! | F14: =ROUND((D14*E14),0) -> #REF! | G14: =+F14 -> #REF! | J14: 2
A15: 2.6 | B15: Kit silla Yee 6" a 8" | C15: und | D15: =+Presupuesto!#REF! -> #REF! | E15: =+Presupuesto!#REF! -> #REF! | F15: =ROUND((D15*E15),0) -> #REF! | G15: =+F15 -> #REF! | J15: 6.6
A16: 2.7 | B16: Relleno con material de excavación seleccionado, compactado | C16: m3 | D16: =+Presupuesto!#REF! -> #REF! | E16: =+Presupuesto!#REF! -> #REF! | F16: =ROUND((D16*E16),0) -> #REF! | H16: =+F16 -> #REF! | J16: 1.2
A17: 2.8 | B17: Subbase compactada con material de selección | C17: m3 | D17: =+Presupuesto!#REF! -> #REF! | E17: =+Presupuesto!#REF! -> #REF! | F17: =ROUND((D17*E17),0) -> #REF! | H17: =+F17 -> #REF! | J17: 2.4
A18: 2.9 | B18: Placa en concreto rigido de 3.8 MPA, e=20 cm incluye juntas de expansion y sellado | C18: m2 | D18: =+Presupuesto!#REF! -> #REF! | E18: =+Presupuesto!#REF! -> #REF! | F18: =ROUND((D18*E18),0) -> #REF! | H18: =+F18 -> #REF! | J18: 6
A19: =+Presupuesto!#REF! -> #REF! | B19: Suministro y aplicación de curador tipo antisol para concreto rigido | C19: m2 | D19: =+Presupuesto!#REF! -> #REF! | E19: =+Presupuesto!#REF! -> #REF! | F19: =ROUND((D19*E19),0) -> #REF! | H19: =+F19 -> #REF!
B20: SUBTOTAL | F20: =+F10+F11+F12+F13+F14+F15+F16+F17+F18+F19 -> #REF!
A21: 3 | B21: ALCANTARILLADO PLUVIAL
A22: 3.1 | B22: Limpieza y sondeo de tuberia 8 y 10" | C22: ml | D22: =+Presupuesto!#REF! -> #REF! | E22: =+Presupuesto!#REF! -> #REF! | F22: =ROUND((D22*E22),0) -> #REF! | H22: =+F22 -> #REF!
A23: 3.2 | B23: Limpieza de camras de inspeción | C23: und | D23: =+'Memoria de Cantidades'!J48 -> 34 | E23: =+Presupuesto!#REF! -> #REF! | F23: =ROUND((D23*E23),0) -> #REF! | H23: =+F23 -> #REF!
A24: 3.3 | B24: Limpieza de sumideros y cajillas (inclulle tuberia sumideros a tubo principal) | C24: und | D24: =+'Memoria de Cantidades'!J50 -> 11 | E24: =+Presupuesto!#REF! -> #REF! | F24: =ROUND((D24*E24),0) -> #REF! | H24: =+F24 -> #REF!
B25: SUBTOTAL | F25: =+F22+F23+F24 -> #REF! | G25: =SUM(G7:G24) -> #REF! | H25: =SUM(H16:H24) -> #REF!
B26: TOTAL COSTO DIRECTO OBRA | F26: =+F8+F20+F25 -> #REF!
B29: =+'Memoria de Cantidades'!B52 -> ALABORÓ: | F29: =+'Memoria de Cantidades'!E52 -> Vo.Bo.
B34: =+'Memoria de Cantidades'!B56 -> #REF! | F34: =+'Memoria de Cantidades'!E56 -> ARQ. GUILLERMO YAMID VALLEJOS BENAVIDES
B35: =+'Memoria de Cantidades'!B57 -> #REF! | F35: =+'Memoria de Cantidades'!E57 -> SECRETARIO DE PLANEACION Y OBRAS PUBLICAS
B36: =+'Memoria de Cantidades'!B58 -> #REF! | F36: =+'Memoria de Cantidades'!E58 -> SAN MIGUEL - PUTUMAYO

Sheet Memoria de Cantidades
A1: REPUBLICA DE COLOMBIA
A2: DEPARTAMENTO DEL PUTUMAYO
A3: MUNICIPIO DE SAN MIGUEL
A5: MEMORIA DE CANTIDADES
A6: =+Presupuesto!#REF! -> #REF!
A7: ITEM | B7: Descripción | C7: Und | D7: L (m) | E7: A (m) | F7: H(m) | G7: Área(m2) | H7: Volumen(m3) | I7: Kg | J7: Unidad | K7: Cantidad
A8: 1 | B8: PRELIMINARES
A9: 1.1 | B9: Localización y replanteo | C9: m2 | K9: =+G10 -> 3.5
B10: Sector la Vega calle 3 entre crr 2 y 3 | D10: 7 | E10: 0.5 | G10: =--D10*E10 -> 3.5
A11: 1.2 | B11: Demolicion placa existente | C11: m2 | K11: =+G12 -> 1
B12: =B10 -> Sector la Vega calle 3 entre crr 2 y 3 | D12: 2.5 | E12: 0.4 | G12: =--E12*D12 -> 1
A13: 2 | B13: ESTRUCTURA SANITARIA Y DE PAVIMENTO
A14: 2.1 | B14: Excavacion manual | C14: m3 | K14: =SUM(H15:H15) -> 2.55
B15: =B12 -> Sector la Vega calle 3 entre crr 2 y 3 | D15: 3.4 | E15: 0.5 | F15: 1.5 | H15: =+D15*E15*F15 -> 2.55
A16: 2.2 | B16: Retiro tuberia existente en mal estado | C16: ml | K16: =--D17 -> 2.5
B17: =B15 -> Sector la Vega calle 3 entre crr 2 y 3 | D17: 2.5
A18: 2.3 | B18: Retiro de material de excavacion y demolicion | C18: m3 | K18: =--H19 -> 1.7
B19: =B17 -> Sector la Vega calle 3 entre crr 2 y 3 | D19: 2.5 | E19: 1.7 | F19: 0.4 | H19: =+D19*E19*F19 -> 1.7
A20: 2.4 | B20: Relleno con material crudo de rio | C20: m3 | K20: =--H21 -> 0.375
B21: =B19 -> Sector la Vega calle 3 entre crr 2 y 3 | D21: =+D19 -> 2.5 | E21: 0.5 | F21: 0.3 | H21: =+D21*E21*F21 -> 0.375
A22: 2.5 | B22: Instalacion de tuberia 6" (incluye encamado en arena) | C22: ml | K22: =D23 -> 3.4
B23: =B21 -> Sector la Vega calle 3 entre crr 2 y 3 | D23: 3.4
A24: 2.6 | B24: Kit silla tee 6" a 12" | C24: und | K24: =--J25 -> 1
B25: =B23 -> Sector la Vega calle 3 entre crr 2 y 3 | J25: 1
A26: 2.7 | B26: Relleno con material de sitio seleccionado, compactado | C26: m3 | K26: =SUM(H27:H27) -> 1.625
B27: =B25 -> Sector la Vega calle 3 entre crr 2 y 3 | D27: 2.5 | E27: 0.5 | F27: 1.3 | H27: =+D27*E27*F27 -> 1.625
A28: 2.8 | B28: Subbase compactada con material de selección | C28: m3 | K28: =SUM(H29:H29) -> 0.5
B29: =B27 -> Sector la Vega calle 3 entre crr 2 y 3 | D29: 2.5 | E29: 1 | F29: 0.2 | H29: =--D29*E29*F29 -> 0.5
A30: 2.9 | B30: Placa en concreto rigido de 21 MPA, e=20 cm incluye juntas de expansion y sellado | C30: m2 | K30: =--G31 -> 0.88
B31: =B29 -> Sector la Vega calle 3 entre crr 2 y 3 | D31: 2.2 | E31: 0.4 | G31: =--D31*E31 -> 0.88
A32: 2.1 | B32: Suministro y aplicación de curador tipo antisol para concreto rigido | C32: m2 | K32: =--G33 -> 3
B33: =B31 -> Sector la Vega calle 3 entre crr 2 y 3 | D33: 3 | E33: 1 | G33: =--D33*E33 -> 3
A34: 3 | B34: ALCANTARILLADO SANITARIO Y PLUVIAL
A35: 4.1 | B35: =+Presupuesto!#REF! -> #REF! | C35: ml | K35: =SUM(K36:K46) -> 2328
B36: Carrera 3 sector de la entrada hasta estación de policia. | D36: =39.92+79.82+74.24+103.26+60.09+66.59+18.82+27 -> 469.74 | K36: =+D36 -> 469.74
B37: Calle 5 entre crr 5 a crr 3. | D37: =34.26+85.26+80.22+90.32+14.17 -> 304.23 | K37: =+D37 -> 304.23
B38: Carrera 3 entre calles 5 y 3. | D38: =21.71+11.22+12.57+47.95+38.64+14.74 -> 146.83 | K38: =+D38 -> 146.83
B39: Calle 3 entre crr 2 y crr 3 | D39: =42.91+56.52+56.63 -> 156.06 | K39: =+D39 -> 156.06
B40: Carrera 2 al descole del aserradero | D40: 180 | K40: =+D40 -> 180
B41: carrera 2 | D41: =40.24+23.31+79.03 -> 142.58 | K41: =+D41 -> 142.58
B42: Calle 4 | D42: =17.24+56.92+86.34+144+203 -> 507.5 | K42: =+D42 -> 507.5
B43: Calle 3 entre crr 2 y crr 3 | D43: =3*5 -> 15 | K43: =+D43 -> 15
B44: Calle 3 entre crr 2 y crr 3 pluvial | D44: =42.91+56.52+56.63 -> 156.06 | K44: =+D44 -> 156.06
B45: Carrera 2 al descole del aserradero pluvial | D45: 180 | K45: =+D45 -> 180
B46: Carrera 2, 3 - calle 3 y 4 tuberia sumideros | D46: =(10*1)+(10*6) -> 70 | K46: =+D46 -> 70
A47: 4.2 | B47: =+Presupuesto!#REF! -> #REF! | C47: Und | K47: =+K48 -> 34
B48: Carreras 2,3 Y 4, Calles 3, 4 Y 5 | J48: 34 | K48: =+J48 -> 34
A49: 4.3 | B49: =+Presupuesto!#REF! -> #REF! | C49: Und | K49: =+K50 -> 11
B50: Carrera 3 - calle 3 y calle 4 sumideros | J50: 11 | K50: =+J50 -> 11
B52: ALABORÓ: | E52: Vo.Bo.
B56: =+Presupuesto!#REF! -> #REF! | E56: =+Presupuesto!A34 -> ARQ. GUILLERMO YAMID VALLEJOS BENAVIDES
B57: =+Presupuesto!#REF! -> #REF! | E57: =+Presupuesto!A35 -> SECRETARIO DE PLANEACION Y OBRAS PUBLICAS
B58: =+Presupuesto!#REF! -> #REF! | E58: =+Presupuesto!A36 -> SAN MIGUEL - PUTUMAYO

Sheet Presupuesto
C1: SECRETARIA DE PLANEACIÓN Y OBRAS PÚBLICAS | D1: CODIGO | F1: 103
D2: SERIE Y SUBSERIE | F2: 51
C3: NIT. 800252922-2
C4: Modelo Integrado de Planeación y Gestión | D4: VERSIÓN | F4: 1
C5: PRESUPUESTO | D5: FECHA DEL FORMATO | F5: D/M/A
F6: 44216
A8: ADECUACION DE LA INFRAESTRUCTURA DE LA PLANTA DE BENEFICIO ANIMAL MEDIANTE EL MEJORAMIENTO DE CUBIERTA EN EL MUNICIPIO DE SAN MIGUEL PUTUMAYO
A11: PRESUPUESTO GENERAL
A13: ITEM | B13: DESCRIPCION | D13: UNIDAD | E13: CANTIDAD | F13: VR/UNITARIO | G13: VR/TOTAL
A14: 1 | B14: PRELIMINARES
A15: 1.1 | B15: DESMONTE DE CUBIERTA EXISTENTE | D15: M2 | E15: ='MEMORIA DE CANTIDADES DE OBRA '!I21 -> 267.22 | F15: =APU!H42 -> 18300 | G15: =ROUND(E15*F15,2) -> 4890126
A16: 1.2 | B16: RETIRO Y DISPOSICION DE MATERIAL SOBRANTE | D16: M2 | E16: =+'MEMORIA DE CANTIDADES DE OBRA '!I29 -> 267.22 | F16: =+APU!H99 -> 5775 | G16: =ROUND(E16*F16,2) -> 1543195.5
B17: subtotal | G17: =ROUND((SUM(G15:G16)),2) -> 6433321.5
A18: 2 | B18: ESTRUCTURA METALICA Y CUBIERTA
A19: 2.1 | B19: SUMINISTRO, PINTURA E INSTALACION DE CORREAS | D19: ML | E19: ='MEMORIA DE CANTIDADES DE OBRA '!I36 -> 204.3 | F19: =APU!H155 -> 71167.41 | G19: =ROUND(E19*F19,2) -> 14539502
A20: 2.2 | B20: SUMINISTRO E INSTALACION DE TEJA TRAPEZOIDAL CAL.28 | D20: M2 | E20: ='MEMORIA DE CANTIDADES DE OBRA '!I47 -> 354.44 | F20: =+APU!H213 -> 62007.69 | G20: =ROUND(E20*F20,2) -> 21978006
A21: 2.3 | B21: CABALLETE EN LÁMINA GALVANIZADA CAL.28 | D21: ML | E21: =+'MEMORIA DE CANTIDADES DE OBRA '!I54 -> 21 | F21: =+APU!H271 -> 39923.08 | G21: =ROUND(F21*E21,2) -> 838384.68
B22: subtotal | G22: =ROUND((SUM(G19:G21)),2) -> 37355892
A24: TOTAL COSTO DIRECTO OBRA | G24: =ROUND((G22+G17),2) -> 43789214
A25: ADMINISTRACION | F25: 0.27 | G25: =ROUND((G24*F25),2) -> 11823088 | I25: valor maximo de la minima cuantia
A26: IMPREVISTOS | F26: 0.02 | G26: =ROUND((G24*F26),2) -> 875784.27 | I26: 39858000
A27: UTILIDAD | F27: 0.03 | G27: =ROUND((G24*F27),2) -> 1313676.4
A28: TOTAL A.I.U | G28: =ROUND(SUM(G25:G27),2) -> 14012548
A29: COSTO TOTAL OBRA | G29: =G24+G28 -> 57801762 | H29: 58000000 | I29: =+H29-G29 -> 198237.95
A34: ARQ. GUILLERMO YAMID VALLEJOS BENAVIDES
A35: SECRETARIO DE PLANEACION Y OBRAS PUBLICAS
A36: SAN MIGUEL - PUTUMAYO

Sheet DESGLOSE AIU
B1: SECRETARIA DE PLANEACIÓN Y OBRA PÚBLICAS | D1: CÓDIGO | E1: 103
D2: SERIE Y SUBSERIE | E2: 51
B3: NIT. 800252922-2
B4: Modelo Integrado de Planeación y Gestión | D4: VERSIÓN | E4: 1
B5: PRESUPUESTO | D5: FECHA DEL FORMATO | E5: D/M/A
E6: 44216
A8: =+Presupuesto!A8 -> ADECUACION DE LA INFRAESTRUCTURA DE LA PLANTA DE BENEFICIO ANIMAL MEDIANTE EL MEJORAMIENTO DE CUBIERTA EN EL MUNICIPIO DE SAN MIGUEL PUTUMAYO
A11: DESGLOCE A.I.U
A13: SALARIO PERSONAL ADMINISTRATIVO DE OBRA
A14: PERSONAL | B14: SUELDO BASICO | C14: FACTOR PRESTACIONAL | E14: SUELDO + PRESTACIONES
A15: Residente de Obra | B15: 2700000 | C15: 1.75 | E15: =B15*C15 -> 4725000
A16: 1. ADMINISTRACION
A17: 1.1. PERSONAL ADMINISTRATIVO DE OBRA | B17: SUELDO + PRESTACIONES | C17: DEDICACION | D17: MESES | E17: VALOR PARCIAL | F17: % SOBRE COSTO DIRECTO
A18: Residente de Obra | B18: =E15 -> 4725000 | C18: 0.7 | D18: 0.5 | E18: =ROUND((B18*C18*D18),0) -> 1653750 | F18: =E18/$E$55 -> 0.03776615
A19: 1.2. COSTOS DEL PROCESO
A20: Polizas y legalizacion del contrato | E20: 400000 | F20: =E20/$E$55 -> 0.0091346696
A21: 1.3. GASTOS DE OBRA
A22: Edicion de informes Fotografias | E22: 350095.94 | F22: =E22/$E$55 -> 0.007995027
A23: Seguridad Industrial | E23: 200000 | F23: =E23/$E$55 -> 0.0045673348
A24: Comunicaciones | E24: 150000 | F24: =E24/$E$55 -> 0.0034255011
A25: 1.3 IMPUESTOS DE OBRA
A26: Retefuente | E26: =G26*Presupuesto!$G$29 -> 1156035.2 | F26: =E26/$E$55 -> 0.0264 | G26: 0.02
A27: Impuesto de Timbre nacional (Decreto 175 de 2025) | E27: =G27*Presupuesto!$G$29 -> 578017.62 | F27: =E27/$E$55 -> 0.0132 | G27: 0.01
A28: Servicios (reteica) contratos de obra, y consultorias | E28: =G28*Presupuesto!$G$29 -> 578017.62 | F28: =E28/$E$55 -> 0.0132 | G28: 0.01
A29: Contribucion ciudadana | E29: =G29*Presupuesto!$G$29 -> 2890088.1 | F29: =E29/$E$55 -> 0.066 | G29: 0.05
A30: FIC Sena | E30: 145000 | F30: =E30/$E$55 -> 0.0033113177
A31: ESTAMPILLAS | E31: =G31*Presupuesto!$G$24 -> 0
A32: Estampilla para el bienestar del adulto mayor | E32: =G32*Presupuesto!$G$24 -> 1751568.5 | F32: =E32/$E$55 -> 0.04 | G32: 0.04
A33: estampilla procultura | E33: =G33*Presupuesto!$G$24 -> 875784.27 | F33: =E33/$E$55 -> 0.02 | G33: 0.02
A34: estampilla para justicia | E34: =G34*Presupuesto!$G$24 -> 875784.27 | F34: =E34/$E$55 -> 0.02 | G34: 0.02
A35: tasa prodeporte contrato de menor cuantia desde 28 a 280 SMMLV | E35: =G35*Presupuesto!$G$24 -> 218946.07 | F35: =E35/$E$55 -> 0.005 | G35: 0.005
A36: TOTAL ADMINISTRACION | E36: =ROUND(SUM(E18:E35),2) -> 11823088 | F36: =SUM(F18:F35) -> 0.27 | G36: =H51 -> 8158139.4 | H36: =G36-E36 -> -3664948.3
A38: 2. IMPREVISTOS
A39: DESCRIPCION | D39: VALOR PARCIAL | F39: PORCENTAJE
A40: IMPREVISTOS | D40: =ROUND((F40*E55),2) -> 875784.27 | F40: 0.02
A41: TOTAL UTILIDAD | D41: =D40 -> 875784.27 | F41: =SUM(F40) -> 0.02
A43: 3. UTILIDAD
A44: DESCRIPCION | D44: VALOR PARCIAL | F44: PORCENTAJE
A45: UTILIDAD | D45: =ROUND((F45*E55),2) -> 1313676.4 | F45: 0.03
A46: TOTAL UTILIDAD | D46: =D45 -> 1313676.4 | F46: =SUM(F45) -> 0.03
A48: TOTAL COSTO DIRECTO A.I.U
A49: RESUMEN
A50: DESCRIPCION | D50: VALOR PARCIAL | F50: PORCENTAJE | G50: total obra
A51: ADMINISTRACION | D51: =E36 -> 11823088 | F51: 0.27 | G51: A | H51: 8158139.4
A52: IMPREVISTOS | D52: =D41 -> 875784.27 | F52: 0.02 | G52: I | H52: 604306.62
A53: UTILIDAD | D53: =D46 -> 1313676.4 | F53: 0.03 | G53: U | H53: 906459.93
A54: TOTAL | D54: =SUM(D51:E53) -> 14012548 | F54: =SUM(F51:F53) -> 0.32 | G54: tot AIU | H54: =SUM(H51:H53) -> 9668905.9
A55: COSTO DIRECTO | E55: =Presupuesto!G24 -> 43789214
A56: COSTO INDIRECTO (32%) | E56: =D54 -> 14012548
A57: SUBTOTAL | E57: =E55+E56 -> 57801762
A62: =Presupuesto!A34 -> ARQ. GUILLERMO YAMID VALLEJOS BENAVIDES
A63: =Presupuesto!A35 -> SECRETARIO DE PLANEACION Y OBRAS PUBLICAS
A64: =Presupuesto!A36 -> SAN MIGUEL - PUTUMAYO

Sheet F.M 
C1: SECRETARIA DE PLANEACIÓN Y OBRAS PÚBLICAS | D1: CODIGO | E1: 103
D2: SERIE Y SUBSERIE | E2: 51
C3: NIT. 800252922-2
C4: Modelo Integrado de Planeación y Gestión | D4: VERSIÓN | E4: 1
C5: PRESUPUESTO | D5: FECHA DEL FORMATO | E5: D/M/A
E6: 44216
A8: =Presupuesto!A8 -> ADECUACION DE LA INFRAESTRUCTURA DE LA PLANTA DE BENEFICIO ANIMAL MEDIANTE EL MEJORAMIENTO DE CUBIERTA EN EL MUNICIPIO DE SAN MIGUEL PUTUMAYO
A11: FACTOR PRESTACIONAL PARA PERSONAL PROFESIONAL, ADMINISTRATIVO Y TECNICO | F11: %
A12: A. | C12: VALOR BASE (Sueldo) | F12: 100
A13: B. | C13: PRESTACIONES SOCIALES | F13: =SUM(F14:F29) -> 75.432
B14: a. | C14: Cesantías | E14: (A/12) | F14: 8.33
B15: b. | C15: Intereses sobre cesantía | E15: (a*12%) | F15: 1
B16: c. | C16: Prima anual | E16: (A/12) | F16: 8.33
B17: d. | C17: Caja de Compensación | E17: % A | F17: 4
B18: e. | C18: SENA | E18: % A | F18: 2
B19: f. | C19: ICBF | E19: % A | F19: 3
B20: g. | C20: Sistema de seguridad social : Salud | E20: % A | F20: 8.5
B21: h. | C21: Sistema de seguridad social : Pensiòn | E21: % A | F21: 12
B22: i. | C22: ARP personal en obra | E22: % A | F22: 6.96
B23: j. | C23: ARP personal en oficina | E23: % A | F23: 0.522
B24: k. | C24: Vacaciones | E24: (15/360*100) | F24: 4.17
B25: l. | C25: Ausencias justificadas | E25: (3/360*100) | F25: 0.83
... B29: p | C29: Bonoficación rereación | E29: % A | F29: 2
A30: C. | C30: SUMA (A + B) | F30: =F12+F13 -> 175.432
A32: E. | C32: FACTOR PRESTACIONAL | F32: =F30 -> 175.432
C33: FACTOR PRESTACIONAL FINAL | F33: =ROUND(F32/100,2) -> 1.75
A37: =+Presupuesto!A34 -> ARQ. GUILLERMO YAMID VALLEJOS BENAVIDES
A38: =+Presupuesto!A35 -> SECRETARIO DE PLANEACION Y OBRAS PUBLICAS
A39: =+Presupuesto!A36 -> SAN MIGUEL - PUTUMAYO

Sheet CRONOGRAMA--
C1: SECRETARIA DE PLANEACIÓN Y OBRAS PÚBLICAS | E1: CODIGO | I1: 103
E2: SERIE Y SUBSERIE | I2: 51
C3: NIT. 800252922-2
C4: Modelo Integrado de Planeación y Gestión | E4: VERSIÓN | I4: 1
C5: PRESUPUESTO | E5: FECHA DEL FORMATO | I5: D/M/A
I6: 44216
A8: =Presupuesto!A8 -> ADECUACION DE LA INFRAESTRUCTURA DE LA PLANTA DE BENEFICIO ANIMAL MEDIANTE EL MEJORAMIENTO DE CUBIERTA EN EL MUNICIPIO DE SAN MIGUEL PUTUMAYO
A11: CRONOGRAMA
I12: SEMANA 1 | J12: SEMANA 2 | K12: SEMANA 3 | L12: SEMANA 4
A13: ITEM | B13: DESCRIPCION | D13: UNIDAD | E13: CANTIDAD | F13: V/UNITARIO | G13: V/TOTAL | H13: %
A14: 1 | B14: =Presupuesto!B14 -> PRELIMINARES
A15: =Presupuesto!A15 -> 1.1 | B15: =Presupuesto!B15 -> DESMONTE DE CUBIERTA EXISTENTE | D15: =Presupuesto!D15 -> M2 | E15: =Presupuesto!E15 -> 267.22 | F15: =Presupuesto!F15 -> 18300 | G15: =ROUND(E15*F15,2) -> 4890126 | H15: =G15/$G$26 -> 0.084601677 | I15: =G15 -> 4890126
A16: =Presupuesto!A16 -> 1.2 | B16: =Presupuesto!B16 -> RETIRO Y DISPOSICION DE MATERIAL SOBRANTE | D16: =Presupuesto!D16 -> M2 | E16: =Presupuesto!E16 -> 267.22 | F16: =Presupuesto!F16 -> 5775 | G16: =ROUND(E16*F16,2) -> 1543195.5 | H16: =G16/G26 -> 0.02669807 | I16: =G16 -> 1543195.5
B17: =Presupuesto!B18 -> ESTRUCTURA METALICA Y CUBIERTA
A18: =Presupuesto!A19 -> 2.1 | B18: =Presupuesto!B19 -> SUMINISTRO, PINTURA E INSTALACION DE CORREAS | D18: =Presupuesto!D19 -> ML | E18: =Presupuesto!E19 -> 204.3 | F18: =Presupuesto!F19 -> 71167.41 | G18: =ROUND(E18*F18,2) -> 14539502 | H18: =G18/$G$26 -> 0.25154081 | I18: =G18/2 -> 7269750.9 | J18: =I18 -> 7269750.9
A19: =Presupuesto!A20 -> 2.2 | B19: =Presupuesto!B20 -> SUMINISTRO E INSTALACION DE TEJA TRAPEZOIDAL CAL.28 | D19: =Presupuesto!D20 -> M2 | E19: =Presupuesto!E20 -> 354.44 | F19: =Presupuesto!F20 -> 62007.69 | G19: =ROUND(E19*F19,2) -> 21978006 | H19: =G19/$G$26 -> 0.38023072 | J19: =G19 -> 21978006
A20: =Presupuesto!A21:G21 -> 2.3 | B20: =Presupuesto!B21 -> CABALLETE EN LÁMINA GALVANIZADA CAL.28 | D20: ML | E20: =Presupuesto!E21 -> 21 | F20: =Presupuesto!F21 -> 39923.08 | G20: =ROUND(F20*E20,2) -> 838384.68 | H20: =G20/$G$26 -> 0.014504483 | J20: =G20 -> 838384.68
A21: TOTAL COSTO DIRECTO OBRA | G21: =SUM(G15:G20) -> 43789214 | H21: =SUM(H15:H20) -> 0.75757576 | I21: =SUM(I15:I20) -> 13703072 | J21: =SUM(J15:J20) -> 30086141 | K21: =SUM(K15:K20) -> 0 | L21: =SUM(L15:L20) -> 0
A22: ADMINISTRACION | F22: 0.27 | G22: =ROUND((F22*G$21),2) -> 11823088 | H22: =G22/G$26 -> 0.20454545 | I22: =$F$22*I$21 -> 3699829.6 | J22: =$F$22*J$21 -> 8123258.1 | K22: =$F$22*K$21 -> 0 | L22: =$F$22*L$21 -> 0
A23: IMPREVISTOS | F23: 0.02 | G23: =ROUND((F23*G$21),2) -> 875784.27 | H23: =G23/G$26 -> 0.015151515 | I23: =$F$23*I$21 -> 274061.45 | J23: =$F$23*J$21 -> 601722.83 | K23: =$F$23*K$21 -> 0 | L23: =$F$23*L$21 -> 0
A24: UTILIDAD | F24: 0.03 | G24: =ROUND((F24*G$21),2) -> 1313676.4 | H24: =G24/G$26 -> 0.022727273 | I24: =$F$24*I$21 -> 411092.17 | J24: =$F$24*J$21 -> 902584.24 | K24: =$F$24*K$21 -> 0 | L24: =$F$24*L$21 -> 0
A25: TOTAL COSTO INDIRECTO OBRA | G25: =SUM(G22:G24) -> 14012548 | H25: =SUM(H22:H24) -> 0.24242424 | I25: =ROUND(SUM(I22:I24),2) -> 4384983.2 | J25: =ROUND(SUM(J22:J24),2) -> 9627565.2 | K25: =ROUND(SUM(K22:K24),2) -> 0 | L25: =ROUND(SUM(L22:L24),2) -> 0
A26: TOTAL OBRA | G26: =G25+G21 -> 57801762 | H26: =H21+H25 -> 1 | I26: =I21+I25 -> 18088056 | J26: =J21+J25 -> 39713706 | K26: =K21+K25 -> 0 | L26: =L21+L25 -> 0
A31: =+Presupuesto!A34 -> ARQ. GUILLERMO YAMID VALLEJOS BENAVIDES
A32: =+Presupuesto!A35 -> SECRETARIO DE PLANEACION Y OBRAS PUBLICAS
A33: =+Presupuesto!A36 -> SAN MIGUEL - PUTUMAYO

Sheet BASICOS URBANOS
B1: SECRETARIA DE PLANEACIÓN Y OBRA PÚBLICAS | E1: CÓDIGO | G1: 103
E2: SERIE Y SUBSERIE | G2: 51
B3: NIT. 800252922-2
B4: Modelo Integrado de Planeación y Gestión | E4: VERSIÓN | G4: 1
B5: PRESUPUESTO | E5: FECHA DEL FORMATO | G5: D/M/A
G6: 44216
A7: =Presupuesto!A8 -> ADECUACION DE LA INFRAESTRUCTURA DE LA PLANTA DE BENEFICIO ANIMAL MEDIANTE EL MEJORAMIENTO DE CUBIERTA EN EL MUNICIPIO DE SAN MIGUEL PUTUMAYO
A12: BASICOS ZONA URBANO
A13: ANALISIS DE PRECIOS UNITARIOS
A15: BASICO I | B15: CONCRETO 3000 PSI | G15: Unidad: | H15: M3
A17: I | B17: HERRAMIENTA Y EQUIPO
B18: DESCRIPCIÓN | D18: Unidad | E18: Tarifa/Día | F18: Rend | G18: V. Unitario. | I18: ALQUILER EQUIPOS
B19: Mezcladora | D19: Hora | E19: =M19 -> 15000 | F19: 3.5 | G19: =E19*F19 -> 52500 | I19: TROMPO | J19: capa 2 bultos dia | L19: 120000 | M19: =L19/8 -> 15000
B20: Vibrador | D20: Hora | E20: =M20 -> 12500 | F20: 3.5 | G20: =E20*F20 -> 43750 | I20: VIBRO | J20: alquiler dia | L20: 100000 | M20: =L20/8 -> 12500
E21: SUBTOTAL. | H21: =ROUND(SUM(G19:G20),0) -> 96250
A22: II | B22: MATERIALES EN OBRA. | I22: COSTOS PUESTO EN ZONA RURAL DISPERSA
B23: DESCRIPCIÓN | D23: Unidad | E23: Cant. | F23: Precio Unit. | G23: V. Unitario. | I23: CEMENTO | J23: bulto 50Kg, con transpr | L23: 38000 | M23: =L23/50 -> 760
B24: CEMENTO GRIS TIPO 1 | D24: KG | E24: 350 | F24: =M23 -> 760 | G24: =+F24*E24 -> 266000 | I24: ARENA | J24: viaje de volqueta 6 M3 | L24: 300000 | M24: =L24/6 -> 50000
B25: AGUA | D25: LTS | E25: 210 | F25: 180 | G25: =+F25*E25 -> 37800 | I25: TRITURADO | J25: viaje de volqueta 6 M3 | L25: 1500000 | M25: =L25/6 -> 250000
B26: ARENA DE RIO | D26: M3 | E26: 0.56 | F26: =M24 -> 50000 | G26: =+F26*E26 -> 28000
B27: TRITURADO | D27: M3 | E27: 0.84 | F27: =M25 -> 250000 | G27: =+F27*E27 -> 210000
E28: SUBTOTAL | H28: =(SUM(G24:G27)) -> 541800
A29: III | B29: MANO DE OBRA.
B30: DESCRIPCIÓN | C30: H-H | D30: Prestac | E30: Cant. | F30: Rend. | G30: V. Unitario.
E32: SUBTOTAL | H32: =SUM(G31) -> 0
A33: IV | B33: TRANSPORTE
B34: DESCRIPCIÓN | C34: Unidad | D34: Cantidad | E34: Prec.Unitario | G34: Vr. Unitario
E36: SUBTOTAL | H36: =SUM(G35) -> 0
D38: TOTAL COSTOS DIRECTOS. | H38: =ROUND(SUM(H21:H37),0) -> 638050
A39: V | B39: COSTOS INDIRECTOS.
B40: DESCRIPCIÓN | C40: % | D40: COSTO DIRECTO | F40: V. UNITARIO
B41: ADMINISTRACIÓN | C41: 0.1 | G41: =+H38*C41 -> 63805
B42: IMPREVISTOS | C42: 0.02 | G42: =+H38*C42 -> 12761
D43: TOTAL COSTOS INDIRECTOS | H43: =SUM(G41:G42) -> 76566
D45: TOTAL PRECIO UNITARIO. | H45: =ROUND((H38+H43),0) -> 714616
A50: =Presupuesto!A34 -> ARQ. GUILLERMO YAMID VALLEJOS BENAVIDES
A51: =Presupuesto!A35 -> SECRETARIO DE PLANEACION Y OBRAS PUBLICAS
A52: =Presupuesto!A36 -> SAN MIGUEL - PUTUMAYO
B53: SECRETARIA DE PLANEACIÓN Y OBRA PÚBLICAS | E53: CÓDIGO | G53: 103
E54: SERIE Y SUBSERIE | G54: 51
B55: NIT. 800252922-2
B56: Modelo Integrado de Planeación y Gestión | E56: VERSIÓN | G56: 1
B57: PRESUPUESTO | E57: FECHA DEL FORMATO | G57: D/M/A
G58: 44216
A59: =Presupuesto!A8 -> ADECUACION DE LA INFRAESTRUCTURA DE LA PLANTA DE BENEFICIO ANIMAL MEDIANTE EL MEJORAMIENTO DE CUBIERTA EN EL MUNICIPIO DE SAN MIGUEL PUTUMAYO
A63: ANALISIS DE PRECIOS UNITARIOS
A65: BASICO II | B65: MORTERO 1:3 | G65: Unidad: | H65: M3
A67: I | B67: HERRAMIENTA Y EQUIPO
B68: DESCRIPCIÓN | D68: Unidad | E68: Tarifa/Día | F68: Rend | G68: V. Unitario. | I68: ALQUILER EQUIPOS
I69: TROMPO | J69: capa 2 bultos dia | L69: 120000 | M69: =L69/8 -> 15000
I70: VIBRO | J70: alquiler dia | L70: 100000 | M70: =L70/8 -> 12500
E71: SUBTOTAL. | H71: =ROUND(SUM(G69:G70),0) -> 0
A72: II | B72: MATERIALES EN OBRA. | I72: COSTOS PUESTO EN ZONA RURAL DISPERSA
B73: DESCRIPCIÓN | D73: Unidad | E73: Cant. | F73: Precio Unit. | G73: V. Unitario. | I73: CEMENTO | J73: bulto 50Kg, con transpr | L73: 38000 | M73: =L73/50 -> 760
B74: CEMENTO GRIS TIPO 1 | D74: KG | E74: 450 | F74: =M73 -> 760 | G74: =+F74*E74 -> 342000 | I74: ARENA | J74: viaje de volqueta 6 M3 | L74: 300000 | M74: =L74/6 -> 50000
B75: AGUA | D75: LTS | E75: 260 | F75: 180 | G75: =+F75*E75 -> 46800 | I75: TRITURADO | J75: viaje de volqueta 6 M3 | L75: 1500000 | M75: =L75/6 -> 250000
B76: ARENA DE RIO | D76: M3 | E76: 1.08 | F76: =M74 -> 50000 | G76: =+F76*E76 -> 54000
E78: SUBTOTAL | H78: =(SUM(G74:G77)) -> 442800
A79: III | B79: MANO DE OBRA.
B80: DESCRIPCIÓN | C80: H-H | D80: Prestac | E80: Cant. | F80: Rend. | G80: V. Unitario.
E82: SUBTOTAL | H82: =SUM(G81) -> 0
A83: IV | B83: TRANSPORTE
B84: DESCRIPCIÓN | C84: Unidad | D84: Cantidad | E84: Prec.Unitario | G84: Vr. Unitario
E86: SUBTOTAL | H86: =SUM(G85) -> 0
D88: TOTAL COSTOS DIRECTOS. | H88: =ROUND(SUM(H71:H87),0) -> 442800
A89: V | B89: COSTOS INDIRECTOS.
B90: DESCRIPCIÓN | C90: % | D90: COSTO DIRECTO | F90: V. UNITARIO
B91: ADMINISTRACIÓN | C91: 0.1 | G91: =+H88*C91 -> 44280
B92: IMPREVISTOS | C92: 0.02 | G92: =+H88*C92 -> 8856
D93: TOTAL COSTOS INDIRECTOS | H93: =SUM(G91:G92) -> 53136
D95: TOTAL PRECIO UNITARIO. | H95: =ROUND((H88+H93),0) -> 495936
A100: =Presupuesto!A34 -> ARQ. GUILLERMO YAMID VALLEJOS BENAVIDES
A101: =Presupuesto!A35 -> SECRETARIO DE PLANEACION Y OBRAS PUBLICAS
A102: =Presupuesto!A36 -> SAN MIGUEL - PUTUMAYO
B103: SECRETARIA DE PLANEACIÓN Y OBRA PÚBLICAS | E103: CÓDIGO | G103: 103
E104: SERIE Y SUBSERIE | G104: 51
B105: NIT. 800252922-2
B106: Modelo Integrado de Planeación y Gestión | E106: VERSIÓN | G106: 1
B107: PRESUPUESTO | E107: FECHA DEL FORMATO | G107: D/M/A
G108: 44216
A110: =Presupuesto!A8 -> ADECUACION DE LA INFRAESTRUCTURA DE LA PLANTA DE BENEFICIO ANIMAL MEDIANTE EL MEJORAMIENTO DE CUBIERTA EN EL MUNICIPIO DE SAN MIGUEL PUTUMAYO
A114: ANALISIS DE PRECIOS UNITARIOS
A116: BASICO III | B116: CONCRETO 2500 PSI | G116: Unidad: | H116: M3
A118: I | B118: HERRAMIENTA Y EQUIPO
B119: DESCRIPCIÓN | D119: Unidad | E119: Tarifa/Día | F119: Rend | G119: V. Unitario. | I119: ALQUILER EQUIPOS
B120: Mezcladora | D120: Hora | E120: =M120 -> 15000 | F120: 3.5 | G120: =E120*F120 -> 52500 | I120: TROMPO | J120: capa 2 bultos dia | L120: 120000 | M120: =L120/8 -> 15000
B121: Vibrador | D121: Hora | E121: =M121 -> 12500 | F121: 3.5 | G121: =E121*F121 -> 43750 | I121: VIBRO | J121: alquiler dia | L121: 100000 | M121: =L121/8 -> 12500
E122: SUBTOTAL. | H122: =ROUND(SUM(G120:G121),0) -> 96250
A123: II | B123: MATERIALES EN OBRA.
B124: DESCRIPCIÓN | D124: Unidad | E124: Cant. | F124: Precio Unit. | G124: V. Unitario. | I124: COSTOS PUESTO EN ZONA RURAL DISPERSA
B125: CEMENTO GRIS TIPO 1 | D125: KG | E125: 300 | F125: =M125 -> 760 | G125: =+F125*E125 -> 228000 | I125: CEMENTO | J125: bulto 50Kg, con transpr | L125: 38000 | M125: =L125/50 -> 760
B126: AGUA | D126: LTS | E126: 210 | F126: 180 | G126: =+F126*E126 -> 37800 | I126: ARENA | J126: viaje de volqueta 6 M3 | L126: 300000 | M126: =L126/6 -> 50000
B127: ARENA DE RIO | D127: M3 | E127: 0.48 | F127: =M126 -> 50000 | G127: =+F127*E127 -> 24000 | I127: TRITURADO | J127: viaje de volqueta 6 M3 | L127: 1500000 | M127: =L127/6 -> 250000
B128: TRITURADO | D128: M3 | E128: 0.96 | F128: =M127 -> 250000 | G128: =+F128*E128 -> 240000
E129: SUBTOTAL | H129: =(SUM(G125:G128)) -> 529800
A130: III | B130: MANO DE OBRA.
B131: DESCRIPCIÓN | C131: H-H | D131: Prestac | E131: Cant. | F131: Rend. | G131: V. Unitario.
E133: SUBTOTAL | H133: =SUM(G132) -> 0
A134: IV | B134: TRANSPORTE
B135: DESCRIPCIÓN | C135: Unidad | D135: Cantidad | E135: Prec.Unitario | G135: Vr. Unitario
...
